 Dungeon Crawl Stone Soup version 0.31-a0-182-gc5ef74bbde (webtiles) character file.

Game seed: 15444164794191571391

9570 pollynater the Basher (level 11, -14/95 HPs)
             Began as a Minotaur Fighter on June 21, 2023.
             Was a High Priest of the Shining One.
             Demolished by a reaper
             ... wielding a +2 scythe of freezing
              (17 damage)
             ... in an ice cave.
             The game lasted 00:28:55 (8426 turns).

pollynater the Basher (Minotaur Fighter)            Turns: 8426, Time: 00:28:56

Health: -14/95     AC: 20    Str: 23    XL:     11   Next: 24%
Magic:  11/11      EV:  8    Int: 10    God:    the Shining One [*****.]
Gold:   447        SH:  5    Dex: 10    Spells: 10/10 levels left

rFire   . . .        I - +5 mace of the Unkillable {elec, rElec Int+3 Stlth+}
rCold   + . .        c - +0 buckler
rNeg    + + .        L - +0 plate armour
rPois   .            (helmet restricted)
rElec   +            g - +0 cloak
rCorr   +            K - +0 pair of gloves
SInv    .            O - +2 pair of boots
Will    .....        t - amulet of regeneration Stlth
                     G - ring of resist corrosion
HPRegen 1.15/turn    y - ring of protection from cold
MPRegen 0.12/turn

%: no passive effects
@: mighty, about to teleport, glowing
A: horns 2, retaliatory headbutt
a: Renounce Religion, Divine Shield, Cleansing Flame, Summon Divine Warrior


You were in an ice cave.
You worshipped the Shining One.
The Shining One was extremely pleased with you.
You visited 2 branches of the dungeon, and saw 11 of its levels.
You also visited: Sewer, Ossuary, Bailey and Ice Cave.

You collected 447 gold pieces.

Inventory:

Hand Weapons
 a - a +0 flail
 A - a +2 mace of holy wrath
 I - the +5 mace of the Unkillable (weapon) {elec, rElec Int+3 Stlth+}
   (You found it in a bailey)

   Int:       It affects your intelligence (+3).
   rElec:     It insulates you from electricity.
   Stlth:     It makes you more stealthy.
Missiles
 s - 3 throwing nets
 u - 3 poisoned darts
 v - a boomerang
 J - a curare-tipped dart
 M - 4 silver javelins (quivered)
Armour
 c - a +0 buckler (worn)
 g - a +0 cloak (worn)
 k - a +1 pair of boots
 H - a +1 scale mail of willpower
 K - a +0 pair of gloves (worn)
 L - a +0 plate armour (worn)
 O - a +2 pair of boots (worn)
Jewellery
 b - a ring of positive energy
 l - a ring of positive energy
 t - an amulet of regeneration (around neck)
 y - a ring of protection from cold (right hand)
 G - a ring of resist corrosion (left hand)
Wands
 x - a wand of flame (52)
 F - a wand of paralysis (11)
Scrolls
 m - a scroll of teleportation
 w - 3 scrolls of fog
 z - 12 scrolls of noise
 C - 3 scrolls of immolation
 D - a scroll of poison
 N - a scroll of identify
Potions
 e - 2 potions of enlightenment
 f - a potion of cancellation
 h - 5 potions of heal wounds
 i - 5 potions of mutation
 j - 2 potions of berserk rage
 n - 2 potions of brilliance
 o - 3 potions of resistance
 p - 5 potions of haste
 q - 2 potions of magic {unknown}
 r - 7 potions of curing
 B - a potion of attraction {unknown}
 E - 2 potions of invisibility {unknown}


   Skills:
 * Level 8.6 Fighting
 * Level 12.5 Maces & Flails
 * Level 1.4 Throwing
 * Level 9.9 Armour
 * Level 6.0 Dodging
 - Level 5.0 Stealth
 * Level 8.2 Shields
 * Level 1.3 Invocations


You had 10 spell levels left.
You didn't know any spells.
Your spell library contained the following spells:

 Spells                   Type           Power      Damage    Failure   Level
 Magic Dart               Conj           0%         1d3       99%         1
 Shock                    Conj/Air       0%         1d3       99%         1
 Blink                    Tloc           0%         N/A       100%        2
 Lesser Beckoning         Tloc           0%         N/A       100%        2
 Momentum Strike          Conj/Tloc      0%         3d8       100%        2
 Searing Ray              Conj           0%         2d4       100%        2
 Ozocubu's Armour         Ice            0%         N/A       100%        3
 Swiftness                Air            0%         N/A       100%        3
 Airstrike                Air            0%         2d(0-16)  100%        4
 Fulminant Prism          Conj/Hex       0%         3d5       100%        4
 Metabolic Englaciation   Hex/Ice        0%         N/A       100%        5
 Simulacrum               Ice/Necr       0%         N/A       100%        6


Dungeon Overview and Level Annotations

Branches:
Dungeon (11/15)            Temple (1/1) D:5           Sewer (visited)
Ossuary (visited)          Bailey (visited)           IceCv (1/1)
   Lair: D:8-11         Orc: D:9-12

Altars:
Ashenzari
Cheibriados
Dithmenos
Elyvilon
Gozag
Hepliaklqana
Kikubaaqudgha
Makhleb
Nemelex Xobeh
Okawaru
Ru
Sif Muna
Trog
Xom
Yredelemnul
Zin
The Shining One
Jiyva

Shops:
D:9 :

Annotations:
D:5 2 transporters
D:6 1 runed translucent door, paps's ghost, amateur OpSu


Innate Abilities, Weirdness & Mutations

You have a pair of horns on your head.
You reflexively headbutt those who attack you in melee.


Message History

The cane toad simulacrum hits you but does no damage.
You block the reaper's attack.
You hit the reaper.
The reaper is lightly wounded.
You are engulfed in freezing vapours.
You resist.
* * * LOW HITPOINT WARNING * * *
The cane toad simulacrum hits you.
* * * LOW HITPOINT WARNING * * *
The cane toad simulacrum freezes you! You resist.
* * * LOW HITPOINT WARNING * * *
The reaper barely misses you.
You block the spriggan simulacrum's attack.
As you read the scroll of teleportation, it crumbles to dust.
You feel strangely unstable.
You are engulfed in freezing vapours.
You resist.
* * * LOW HITPOINT WARNING * * *
The cane toad simulacrum barely misses you.
The reaper closely misses you.
You feel much better.
You are engulfed in freezing vapours.
You resist.
You block the spriggan simulacrum's attack.
The cane toad simulacrum barely misses you.
You block the reaper's attack.
You feel very mighty all of a sudden.
You are engulfed in freezing vapours.
You resist.
The spriggan simulacrum barely misses you.
The cane toad simulacrum hits you! The cane toad simulacrum freezes you.
You resist.
The reaper hits you with a +2 scythe of freezing!!
* * * LOW HITPOINT WARNING * * *
You thump the reaper! Lightning courses through the reaper!
The reaper is moderately wounded.
You are engulfed in freezing vapours.
You resist.
* * * LOW HITPOINT WARNING * * *
The spriggan simulacrum hits you but does no damage.
You sock the cane toad simulacrum! You headbutt the cane toad simulacrum!
The cane toad simulacrum vaporises!
The Shining One accepts your kill.
You are engulfed in freezing vapours.
You resist.
* * * LOW HITPOINT WARNING * * *
The reaper hits you with a +2 scythe of freezing!
You die...

##...# ##..## ##....
#...## #......##
##...# ## .... ..#
#..## ##. ...##..#
##..## #°○##Z.#....
#..#. #.☼#.##.#..#
#..#. #.#Z☼#.#..##.##
#.... #..2@☼.....#..#
#...#
#}(..○§.§........#
#..##
#!(#..####...#...#
##.#. #
#..○§.§°..#...# ##...
##§§§§§...#...###....
#§☼§#○.###....##....
##§§#§##.§☼...##...#
#§.#.#.§§§.#..##).# #
#..§.§§.###..####


You could see a reaper and a spriggan simulacrum.

Vanquished Creatures
  A centaur warrior (D:8)
  An ugly thing (D:8)
  Joseph (D:7)
  A gargoyle (Bailey)
  2 ice statues (IceCv)
  4 ice devils (IceCv)
  A dire elephant simulacrum (IceCv)
  A shadow (D:8)
  A vampire (Bailey)
  A wyvern (D:4)
  A vampire mosquito (D:8)
  A steam dragon (D:8)
  A harpy simulacrum (IceCv)
  2 water moccasins
  3 orc warriors (D:8)
  2 sky beasts
  A black bear (D:6)
  5 centaurs
  3 phantoms
  Blork the orc (D:4)
  3 kobold brigands
  2 bullfrogs
  6 scorpions
  3 cane toad simulacra (IceCv)
  3 two-headed ogre simulacra (IceCv)
  5 wights (D:8)
  6 killer bees (D:8)
  5 howler monkeys
  8 vampire bats (Bailey)
  6 wolf zombies (Bailey)
  6 hounds
  A human zombie (Ossuary)
  2 orc priests (D:7)
  A centaur zombie (Ossuary)
  2 jellies (D:5)
  3 gnoll boudas
  Crazy Yiuf (D:2)
  3 iguanas
  5 sleepcaps
  8 orc wizards
  2 polar bear simulacra (IceCv)
  4 spriggan simulacra
  A troll simulacrum (D:11)
  A wolf simulacrum (IceCv)
  5 mummies
  Robin (D:4)
  13 gnolls
  6 adders
  5 naga simulacra
  6 river rats
  5 white imps
  An ufetubus (IceCv)
  2 worms (D:2)
  3 dart slugs
  25 orcs
  4 bats
  3 endoplasms
  A giant cockroach (D:2)
  22 goblins
  10 hobgoblins
  8 jackals
  5 quokkas
  11 ball pythons
  3 frilled lizards
  A goblin zombie (Ossuary)
  4 hobgoblin zombies
  35 kobolds
  A kobold zombie (Ossuary)
  23 orc zombies
  17 rats
341 creatures vanquished.

Vanquished Creatures (others)
  A white imp (IceCv)
1 creature vanquished.

Grand Total: 342 creatures vanquished

Notes
Turn   | Place    | Note
-------+----------+-------------------------------------------
     0 | D:1      | pollynater the Minotaur Fighter began the quest for the
                  | Orb.
     0 | D:1      | Reached XP level 1. HP: 19/19 MP: 0/0
   521 | D:1      | Reached XP level 2. HP: 26/27 MP: 1/1
  1139 | D:2      | Found a runed translucent door.
  1140 | D:2      | Noticed Crazy Yiuf
  1722 | D:2      | HP: 1/27 [Crazy Yiuf/+3 quarterstaff of chaos (10)]
  1726 | D:2      | Killed Crazy Yiuf
  1727 | D:2      | Reached skill level 3 in Maces & Flails
  1727 | D:2      | Reached XP level 3. HP: 14/33 MP: 0/2
  1943 | D:3      | Found a shimmering blue altar of Sif Muna.
  2083 | D:3      | Reached XP level 4. HP: 37/40 MP: 3/3
  2087 | D:3      | Reached skill level 1 in Stealth
  2322 | D:3      | Reached skill level 1 in Dodging
  2386 | D:3      | Reached XP level 5. HP: 46/46 MP: 4/4
  2447 | D:3      | Reached skill level 4 in Maces & Flails
  2459 | D:3      | Found a glowing drain.
  2463 | Sewer    | Entered a sewer
  2852 | Sewer    | Reached skill level 5 in Armour
  2852 | Sewer    | Reached XP level 6. HP: 30/53 MP: 5/5
  3876 | D:4      | Found a hazy altar of Hepliaklqana.
  3918 | D:4      | Noticed Blork the orc
  3926 | D:4      | Killed Blork the orc
  3927 | D:4      | Reached skill level 5 in Maces & Flails
  3955 | D:4      | Noticed a wyvern
  3961 | D:4      | Killed a wyvern
  3962 | D:4      | Reached skill level 5 in Fighting
  3962 | D:4      | Reached XP level 7. HP: 61/61 MP: 3/6
  3995 | D:4      | Found a sparkling altar of Nemelex Xobeh.
  4190 | D:4      | Noticed Robin
  4199 | D:4      | Killed Robin
  4359 | D:5      | Entered Level 5 of the Dungeon
  4365 | D:5      | Reached skill level 6 in Maces & Flails
  4365 | D:5      | Reached skill level 5 in Shields
  4527 | D:5      | Found a sand-covered staircase.
  4536 | Ossuary  | Entered an ossuary
  4657 | Ossuary  | Reached XP level 8. HP: 63/69 MP: 7/7
  4832 | D:5      | Reached skill level 7 in Maces & Flails
  4857 | D:5      | Found a staircase to the Ecumenical Temple.
  4870 | Temple   | Entered the Ecumenical Temple
  4991 | Temple   | Became a worshipper of the Shining One
  5109 | D:5      | Found a transporter.
  5118 | D:5      | Noticed a kobold demonologist
  5161 | D:5      | Found a shimmering altar of Xom.
  5229 | D:5      | Found a transporter.
  5474 | D:6      | Found a broken altar of Ashenzari.
  5565 | D:6      | Found an opulent altar of Gozag.
  5569 | D:6      | Reached skill level 8 in Maces & Flails
  5712 | D:6      | Reached * piety under the Shining One
  5720 | D:6      | Found a runed translucent door.
  5724 | D:6      | Found a shimmering altar of Xom.
  5724 | D:6      | Noticed paps's ghost (amateur OpSu)
  5726 | D:6      | Noticed a +2 spear of chaos
  5842 | D:6      | Reached XP level 9. HP: 75/75 MP: 8/8
  5951 | D:6      | Reached skill level 9 in Maces & Flails
  6399 | D:7      | Noticed Joseph
  6411 | D:7      | Killed Joseph
  6686 | D:7      | Reached skill level 10 in Maces & Flails
  6819 | D:8      | Reached ** piety under the Shining One
  6855 | D:8      | Found a flagged portal.
  6866 | Bailey   | Entered a bailey
  6898 | Bailey   | Noticed a gargoyle
  6927 | Bailey   | Killed a gargoyle
  7032 | Bailey   | Found the +7 Throatcutter {drain, coup de grace}
  7066 | Bailey   | Reached *** piety under the Shining One
  7072 | Bailey   | Reached XP level 10. HP: 86/86 MP: 9/9
  7133 | Bailey   | Reached **** piety under the Shining One
  7295 | Bailey   | Identified the +5 mace of the Unkillable {elec, rElec Int+3
                  | Stlth+}
  7602 | D:8      | Noticed a centaur warrior
  7614 | D:8      | Killed a centaur warrior
  7615 | D:8      | Reached skill level 11 in Maces & Flails
  7615 | D:8      | Reached skill level 5 in Dodging
  7636 | D:8      | Noticed a cyan ugly thing
  7651 | D:8      | Killed a cyan ugly thing
  7933 | D:9      | Reached ***** piety under the Shining One
  7934 | D:9      | Reached skill level 5 in Stealth
  7962 | D:9      | Found a white marble altar of Elyvilon.
  7963 | D:9      | Found a snail-covered altar of Cheibriados.
  8006 | D:9      | Found Homystre's Vocational Training.
  8006 | D:9      | You fall into a shaft and drop 2 floors!
  8017 | D:11     | Found a frozen archway.
  8066 | IceCv    | Entered an ice cave
  8085 | IceCv    | Reached skill level 12 in Maces & Flails
  8108 | IceCv    | Reached XP level 11. HP: 87/94 MP: 10/10
  8184 | IceCv    | Reached skill level 1 in Invocations
  8232 | IceCv    | Reached skill level 1 in Throwing
  8412 | IceCv    | Noticed a reaper
  8426 | IceCv    | HP: 2/95 [something (6)]
  8426 | IceCv    | Demolished by a reaper

Illustrated notes

Levels and vault maps discovered:
D:1:      scummos_arrival_star, layout_loops_corners
D:2:      layout_loops_ring, chequers_arboretum, minmay_misc_feat_rugged,
          uniq_crazy_yiuf_cottage
D:3:      layout_loops_corners, lemuel_round_altar, gup_sewer_entry_bowl,
          minmay_misc_feat_ornament, chequers_serial_rivers_micro_c
D:4:      layout_basic, nemelex_diamond_rough_becter,
          mainiacjoe_overflow_small_starburst, minmay_close_crescents,
          uniq_blork_the_orc, uniq_robin
D:5:      gammafunk_wand_slinger, layout_gridville,
          mainiacjoe_overflow_chevrons, minmay_temple_entry_nine_rooms,
          enter_ossuary_1
D:6:      layout_cave_pools, nicolae_gozag_cash_rules_everything_around_me,
          ashenzari_altar_1, ebering_ghost_xom, corexii_hall_statues_l,
          amcnicky_mini_rare_corridor_liquid, minmay_mini_ossuary
D:7:      layout_loops_ring, uniq_joseph
D:8:      layout_rooms, enter_bailey_4, minmay_pinched_square
D:9:      layout_rooms, mainiacjoe_overflow_cross_hatched,
          overflow_temple_1_default, nicolae_qazlal_style_of_elements,
          gammafunk_temple_overflow_statue, nicolae_shop_vocational
D:11:     layout_roguey, serial_shops, nicolae_shop_just_a_little_nook,
          portal_ice_cave_entry_ice_simulacra, nzn_wu_jian_council_hall,
          uniq_gastronok, uniq_amaemon
Temple:   pf_slimified_temple
IceCv:    ice_cave_small_demon

Skill      XL: |  1  2  3  4  5  6  7  8  9 10 11 |
---------------+----------------------------------+-----
Armour         | 4 5 6 7 8 9 |  9.9
Shields        | 4 5 6 8 |  8.2
Maces & Flails | 3 4 5 6 8 10 12 | 12.5
Fighting       | 4 5 6 7 8 |  8.6
Stealth        | 1 2 3 4 5 |  5.0
Dodging        | 1 2 3 4 5 6 |  6.0
Invocations    | 1 |  1.3
Throwing       | 1 |  1.4

Action                     |  1- 3 |  4- 6 |  7- 9 | 10-12 || total
---------------------------+-------+-------+-------+-------++-------
  Melee: Flail             |    68 |   195 |    44 |       ||   307
         Headbutt          |     9 |    25 |    71 |    71 ||   176
         Mace              |       |       |   275 |   267 ||   542
  Throw: Javelin           |       |       |       |     2 ||     2
    Use: Scroll            |     7 |       |    11 |     3 ||    21
         Potion            |     1 |       |     4 |     3 ||     8
 Armour: Scale mail        |    29 |   118 |   129 |    40 ||   316
         Plate armour      |       |       |       |    70 ||    70
  Dodge: Dodged            |    25 |   141 |   168 |    98 ||   432
  Block: Buckler           |    16 |    67 |    91 |    59 ||   233

Table legend: (Time is in decaauts)
 A = Elapsed time spent in this place.
 B = Non-inter-level travel time spent in this place.
 C = Inter-level travel time spent in this place.
 D = Time resting spent in this place.
 E = Time spent auto-exploring this place.
 F = Levels seen in this place.
 G = Mean time per level.
                   A        B        C        D        E       F      G
               +--------+--------+--------+--------+--------+-----+--------+
         Total |   8448 |   7931 |    517 |    132 |   5122 |  15 |  563.2 |
       Dungeon |   6601 |   6123 |    478 |      0 |   4314 |  10 |  660.1 |
        Temple |    125 |     86 |     39 |      0 |     78 |   1 |  125.0 |
         Sewer |    691 |    691 |      0 |      0 |    499 |   1 |  691.0 |
       Ossuary |    243 |    243 |      0 |      0 |     54 |   1 |  243.0 |
        Bailey |    442 |    442 |      0 |     40 |    118 |   1 |  442.0 |
      Ice Cave |    343 |    343 |      0 |     92 |     58 |   1 |  343.0 |
               +--------+--------+--------+--------+--------+-----+--------+

Top non-repeatable levels by time:
     D:3: 1166 daAuts
     D:2: 997 daAuts
     D:1: 893 daAuts
     D:7: 729 daAuts
     D:5: 702 daAuts
     D:4: 693 daAuts
   Sewer: 691 daAuts
     D:6: 663 daAuts
     D:8: 618 daAuts
  Bailey: 442 daAuts
   IceCv: 343 daAuts
 Ossuary: 243 daAuts
  Temple: 125 daAuts
     D:9: 79 daAuts
    D:11: 57 daAuts
